 Dungeon Crawl Stone Soup version 0.25.0-26-g0c896c7088 (webtiles) character file.

Game seed: 6658949203988128939

1148 protoss039 the Thaumaturge (level 8, 0/41 HPs)
             Began as a Deep Elf Air Elementalist on July 3, 2020.
             Slain by an unseen horror (8 damage)
             ... on level 6 of the Dungeon.
             The game lasted 00:20:13 (7029 turns).

protoss039 the Thaumaturge (DEAE)                   Turns: 7029, Time: 00:20:14

Health: 0/41       AC:  5    Str:  5    XL:     8   Next: 15%
Magic:  11/22      EV: 13    Int: 23    God:
Gold:   294        SH:  0    Dex: 15    Spells: 9/24 levels left

rFire    . . .     SeeInvis .   f - +0 dagger (venom)
rCold    . . .     Gourm    .   (no shield)
rNeg     . . .     Faith    .   a - +0 robe
rPois    .         Spirit   .   r - +0 helmet
rElec    .         Reflect  .   x - +0 cloak
rCorr    .         Harm     .   i - +0 pair of gloves
MR       +....                  (no boots)
Stlth    ++........             (no amulet)
HPRegen  0.13/turn              m - ring of protection from magic
MPRegen  0.18/turn              (no ring)

@: no status effects
A: no striking features
a: no special abilities


You were on level 6 of the Dungeon.
You were not hungry.

You visited 1 branch of the dungeon, and saw 6 of its levels.

You collected 294 gold pieces.

Inventory:

Hand Weapons
 f - a +0 dagger of venom (weapon)
Armour
 a - a +0 robe (worn)
 i - a +0 pair of gloves (worn)
 r - a +0 helmet (worn)
 x - a +0 cloak (worn)
Jewellery
 m - a ring of protection from magic (left hand)
Scrolls
 b - 2 scrolls of random uselessness {unknown}
 d - a scroll of enchant armour {unknown}
 e - 7 scrolls of identify {unknown}
 h - 6 scrolls of teleportation {unknown}
 n - a scroll of immolation {unknown}
 o - 2 scrolls of fog {unknown}
 t - a scroll of amnesia {unknown}
 u - 2 scrolls of remove curse {unknown}
 v - 3 scrolls of noise {unknown}
Potions
 g - 2 potions of brilliance {unknown}
 j - 3 potions of stabbing {unknown}
 k - a potion of curing {unknown}
 p - a potion of degeneration {unknown}
 q - a potion of flight {unknown}
 s - 2 potions of heal wounds {unknown}
 w - a potion of might {unknown}
Comestibles
 c - 6 rations


   Skills:
 - Level 0.3 Short Blades
 - Level 2.4 Dodging
 - Level 2.4 Stealth
 + Level 8.7 Spellcasting
 + Level 4.6 Conjurations
 + Level 6.7 Air Magic


You had 9 spell levels left.
You knew the following spells:

 Your Spells              Type           Power        Failure   Level  Hunger
a - Shock                 Conj/Air       ####         1%          1    None
b - Swiftness             Chrm/Air       ####....     2%          2    None
c - Static Discharge      Conj/Air       #####...     1%          3    None
d - Airstrike             Air            #####.....   4%          4    ##.....
e - Lightning Bolt        Conj/Air       #####.....   17%         5    ####...

Your spell library contained the following spells:

 Spells                   Type           Power        Failure   Level  Hunger


Dungeon Overview and Level Annotations

Branches:
Dungeon (6/15)
 Temple: D:4-7

Altars:
Elyvilon
Fedhas
Gozag
Nemelex Xobeh

Annotations:
D:5 2 exclusions


Message History

Confirm with . or Enter, or press ? or * to list all spells.
Aiming: Airstrike (dangerous; 4% risk of failure)
Press: ? - help, Dir - move target cursor The air twists around and strikes something!
Something hits you but does no damage.
Unknown command.
Casting: Airstrike (dangerous; 4% risk of failure)
Confirm with . or Enter, or press ? or * to list all spells.
A blue arc grounds itself harmlessly.
Something hits you.
* * * LOW HITPOINT WARNING * * *
Unknown command.
Unknown command.
Casting: Static Discharge (safe; 1% risk of failure)
Confirm with . or Enter, or press ? or * to list all spells.
Something is struck by an arc of lightning!
You are struck by an arc of lightning.
* * * LOW HITPOINT WARNING * * *
Something is struck by an arc of lightning.
The lightning grounds out.
Something hits you!
You die...

####.)........oo....
#...)####.....####Y.
#.##)#..##...##.[#
#..#)#...##.##...#
##.<÷##...#.#...#
####....##.)#.#'.#
..........###...###..
.###..........8).....
##.....###@..###..
##...## +#.#'.# ##†##
.#...# #.# .# ...#
..# .. .$# ... .. ###
.. ... .##


There were no monsters in sight!

Vanquished Creatures
  An ice beast (D:5)
  An ogre (D:4)
  2 centaurs
  A scorpion (D:4)
  A wyvern skeleton (D:3)
  A crimson imp (D:5)
  A jelly (D:6)
  An orc priest (D:6)
  3 hounds
  A bullfrog skeleton (D:4)
  Terence (D:2)
  2 iguanas (D:6)
  2 orc wizards (D:6)
  6 worker ants
  3 gnolls (D:2)
  5 adders
  A shadow imp (D:5)
  An ooze (D:4)
  5 worms
  3 dart slugs
  4 leopard geckos
  10 orcs
  6 giant cockroaches
  13 goblins
  10 hobgoblins
  8 jackals
  A quokka (D:3)
  2 ball pythons (D:3)
  8 bats
  9 frilled lizards
  A giant cockroach zombie (D:6)
  A jackal zombie (D:5)
  9 kobolds
  10 rats
134 creatures vanquished.

Vanquished Creatures (others)
  5 toadstools (D:1)
5 creatures vanquished.

Grand Total: 139 creatures vanquished

Notes
Turn   | Place    | Note
-------+----------+-------------------------------------------
     0 | D:1      | protoss039 the Deep Elf Air Elementalist began the quest
                  | for the Orb.
     0 | D:1      | Reached XP level 1. HP: 10/10 MP: 6/6
   173 | D:1      | Reached XP level 2. HP: 13/15 MP: 2/8
   484 | D:1      | Reached skill level 4 in Spellcasting
   810 | D:1      | Reached XP level 3. HP: 19/19 MP: 7/10
  1372 | D:2      | Reached XP level 4. HP: 24/24 MP: 2/12
  1977 | D:2      | Noticed Terence
  2002 | D:2      | Killed Terence
  2639 | D:2      | Learned a level 2 spell: Swiftness
  2643 | D:2      | Learned a level 3 spell: Static Discharge
  2648 | D:2      | Learned a level 4 spell: Airstrike
  2663 | D:2      | Found a blossoming altar of Fedhas.
  2858 | D:3      | Reached XP level 5. HP: 28/28 MP: 11/14
  2867 | D:3      | Reached skill level 5 in Spellcasting
  3433 | D:3      | Found a white marble altar of Elyvilon.
  3534 | D:3      | Found a faded altar of an unknown god.
  3983 | D:3      | Found a sparkling altar of Nemelex Xobeh.
  4410 | D:4      | Reached XP level 6. HP: 32/32 MP: 11/16
  4417 | D:4      | Learned a level 5 spell: Lightning Bolt
  4678 | D:4      | Found an opulent altar of Gozag.
  4888 | D:4      | Reached skill level 6 in Spellcasting
  4888 | D:4      | Reached skill level 5 in Air Magic
  5558 | D:4      | Reached XP level 7. HP: 36/36 MP: 5/19
  5725 | D:5      | Entered Level 5 of the Dungeon
  5791 | D:5      | Reached skill level 7 in Spellcasting
  6601 | D:6      | Reached skill level 8 in Spellcasting
  6864 | D:6      | Reached XP level 8. HP: 41/41 MP: 9/22
  7029 | D:6      | Slain by an unseen horror

Illustrated notes

Levels and vault maps discovered:
D:1:      ldierk_walled_garden, layout_basic
D:2:      layout_basic, fedhas_altar_2, uniq_terence
D:3:      layout_loops_corners, lemuel_round_altar,
          nicolae_overflow_hidden_temple, first_ration,
          chequers_ecumenical_altar_grove, hangedman_decor_growths
D:4:      layout_loops_corners, nicolae_gozag_cash_rules_everything_around_me
D:5:      layout_loops_ring, st_stairs_10
D:6:      cheibrodos_barr_body, layout_rooms, minmay_holes, minmay_liquid_box,
          fountainhead, corner_web_ring

Skill      XL: |  1  2  3  4  5  6  7 |
---------------+----------------------+-----
Spellcasting   | 4 5 6 8 |  8.7
Air Magic      | 4 5 6 |  6.7
Conjurations   | 2 3 4 |  4.6
Short Blades   | |  0.3
Dodging        | |  2.4
Stealth        | |  2.4

Action                   |  1- 3 |  4- 6 |  7- 9 || total
-------------------------+-------+-------+-------++-------
Melee: Dagger            |     5 |    71 |    10 ||    86
 Cast: Shock             |    70 |   106 |    31 ||   207
       Static Discharge  |       |    15 |    15 ||    30
       Airstrike         |       |    10 |    16 ||    26
 Stab: Distracted        |       |       |     1 ||     1
  Eat: Chunk             |     1 |    13 |     4 ||    18
       Ration            |       |       |     1 ||     1
Armor: Robe              |     5 |    17 |     4 ||    26
Dodge: Dodged            |    31 |    67 |    11 ||   109
